 Dungeon Crawl Stone Soup version 0.25-a0-1113-g0499d652a8 (webtiles) character file.

Game seed: 14439057160224308417, levelgen mode: deterministic

44 Esekla the Magician (level 3, 0/22 HPs)
             Began as an Octopode Wizard on May 16, 2020.
             Succumbed to an adder's poison
             ... on level 4 of the Dungeon.
             The game lasted 00:11:41 (1228 turns).

Esekla the Magician (Octopode Wizard)               Turns: 1228, Time: 00:11:42

Health: 0/22       AC:  1    Str:  6    XL:     3   Next: 62%
Magic:  4/8        EV: 13    Int: 21    God:
Gold:   18         SH:  0    Dex: 10    Spells: 0/9 levels left

rFire    . . .     SeeInvis .   b - +1 short sword (speed)
rCold    . . .     Gourm    .   (no shield)
rNeg     . . .     Faith    .   a - +0 hat
rPois    .         Spirit   .   i - amulet of inaccuracy (curse)
rElec    .         Reflect  .   (no ring)
rCorr    .         Harm     .   (no ring)
MR       .....                  (no ring)
Stlth    +++.......             (no ring)
HPRegen  0.07/turn              (no ring)
MPRegen  0.11/turn              (no ring)
                                (no ring)
                                (no ring)

@: lethally poisoned (0 -> -2)
A: almost no armour, stealthy swim, amphibious, 8 rings, constrict 8, camouflage
1, gelatinous body 1
a: no special abilities


You were on level 4 of the Dungeon.
You were not hungry.

You visited 1 branch of the dungeon, and saw 4 of its levels.

You collected 18 gold pieces.

Inventory:

Hand Weapons
 b - a +1 short sword of speed (weapon)
 g - a +0 spear
 h - a +0 falchion
Armour
 a - a +0 hat (worn)
Jewellery
 i - a cursed amulet of inaccuracy (around mantle)
Wands
 f - a wand of iceblast (11)
Comestibles
 c - 4 rations


   Skills:
 + Level 0.3 Fighting
 + Level 2.2 Dodging
 - Level 2.6 Stealth
 * Level 3.6 Spellcasting
 * Level 1.3 Conjurations
   Level 1.0 Summonings
 * Level 1.3 Translocations
 * Level 1.1 Poison Magic


You couldn't memorise any spells.
You knew the following spells:

 Your Spells              Type           Power        Failure   Level  Hunger
a - Magic Dart            Conj           #...         7%          1    None
b - Blink                 Tloc           N/A          11%         2    ##.....
c - Mephitic Cloud        Conj/Pois/Air  #.......     26%         3    ###....
f - Conjure Flame         Conj/Fire      #.......     28%         3    ###....

Your spell library contained the following spells:

 Spells                   Type           Power        Failure   Level  Hunger
 Call Imp                 Summ           #.......     12%         2    ##.....
 Slow                     Hex            #.......     19%         2    ##.....


Dungeon Overview and Level Annotations

Branches:
Dungeon (4/15)
 Temple: D:4-7

Altars:


Innate Abilities, Weirdness & Mutations

You cannot wear most types of armour.
You are very stealthy in the water. (Stealth+)
You are amphibious.
You can wear up to eight rings at the same time.
You can use your tentacles to constrict eight enemies at once.
Your skin changes colour to match your surroundings (Stealth+).
Your rubbery body absorbs attacks. (AC +1, EV +1)


Message History

Things that are here:
17 stones; a ration
c - 4 rations (gained 1)
* * * LOW HITPOINT WARNING * * *
You feel sick.
Found a stone staircase leading up.
* * * LOW HITPOINT WARNING * * *
You feel sick.
* * * LOW HITPOINT WARNING * * *
You feel sick.
Found a stone staircase leading down.
There is a stone staircase leading up here.
You climb upwards.
A rat comes into view.
There is a stone staircase leading down here.
You climb downwards.
* * * LOW HITPOINT WARNING * * *
You feel sick.
There is a stone staircase leading up here.
You die...

#...# #...# ## #. ..
####...##.#####.#.##
......<......<#.#..##
...†................
..............#..#.##
###†...#..###.......#.#
#....#.## #.#.>.....#
#....#(# #.#.@#
#..$.#.# #.#.##
#....#.####.#.###.##
#............<........
..#......#####.....###
##.#.#.# #.##..#
.......# #.. ....
.####...# #.## .### #
#...# #.. #


There were no monsters in sight!

Vanquished Creatures
  2 adders
  2 dart slugs
  A leopard gecko (D:3)
  2 orcs (D:3)
  3 bats
  A giant cockroach (D:3)
  A goblin (D:3)
  A hobgoblin (D:3)
  2 ball pythons
  A frilled lizard (D:3)
  4 rats
20 creatures vanquished.

Notes
Turn   | Place    | Note
-------+----------+-------------------------------------------
     0 | D:1      | Esekla the Octopode Wizard began the quest for the Orb.
     0 | D:1      | Reached XP level 1. HP: 11/11 MP: 4/4
   372 | D:3      | Reached XP level 2. HP: 17/17 MP: 1/6
   383 | D:3      | Learned a level 2 spell: Blink
   936 | D:3      | Reached XP level 3. HP: 13/22 MP: 0/8
  1002 | D:2      | Learned a level 3 spell: Mephitic Cloud
  1006 | D:2      | Learned a level 3 spell: Conjure Flame
  1204 | D:4      | Reached skill level 1 in Poison Magic
  1225 | D:4      | HP: 1/22 [poisoned by an adder]
  1228 | D:4      | Succumbed to an adder's poison

Illustrated notes

Levels and vault maps discovered:
D:1:      minmay_arrival_stone_box, layout_basic, nrook_mini_backslash,
          minmay_stone_trees_small
D:2:      layout_basic, nicolae_ru_awakened_eye, minmay_box_of_dots
D:3:      layout_basic
D:4:      layout_loops_cross, lemuel_doored_altar, lemuel_round_altar,
          kennysheep_dice

Skill      XL: |  1  2  3 |
---------------+----------+-----
Poison Magic   | 1 |  1.1
Fighting       | |  0.3
Dodging        | |  2.2
Stealth        | |  2.6
Spellcasting   | |  3.6
Conjurations   | |  1.3
Summonings     | |  1.0
Translocations | |  1.3

Action                   || total
-------------------------++-------
Melee: Constrict         ||    10
       Unarmed           ||     5
       Spear             ||    11
       Falchion          ||     8
       Tentacles         ||     4
       Short sword       ||    15
 Cast: Magic Dart        ||    42
       Blink             ||     1
  Use: Scroll            ||     2
       Potion            ||     1
 Stab: Sleeping          ||     1
  Eat: Chunk             ||     1
Armor: Skin              ||     2
Dodge: Dodged            ||    39
       Rpst.: Falchion   ||     2

Table legend:
 A = Non-vault XP
 B = Vault XP
 C = Vault XP percentage of total XP
 D = Non-vault monster count
 E = Vault monster count
 F = Vault count percentage of total count
                 A         B        C        D         E       F
            +---------+---------+-------+---------+---------+-------
      Total |      64 |       0 |   0.0 |      20 |       0 |   0.0
            +---------+---------+-------+---------+---------+-------
        D:2 |      11 |       0 |   0.0 |       6 |       0 |   0.0
        D:3 |      38 |       0 |   0.0 |      12 |       0 |   0.0
        D:4 |      15 |       0 |   0.0 |       2 |       0 |   0.0
            +---------+---------+-------+---------+---------+-------
